 Dungeon Crawl Stone Soup version 0.31-a0-1529-g7bd419a0e5 (webtiles) character file.

Game seed: 5931640590758943759

8519 bmb222 the Mimic (level 11, -8/78 HPs)
             Began as an Octopode Shapeshifter on Dec 31, 2023.
             Was a Believer of Ru.
             Mangled by a manticore (10 damage)
             ... on level 12 of the Dungeon.
             The game lasted 00:19:47 (15206 turns).

bmb222 the Mimic (Octopode Shapeshifter)           Turns: 15206, Time: 00:19:48

Health: -8/78      AC:  1    Str: 18    XL:     11   Next: 32%
Magic:  0/11       EV: 20    Int: 12    God:    Ru [**....]
Gold:   423        SH:  0    Dex: 12    Spells: 10/10 levels left

rFire   . .          .
                       - Unarmed
rCold   . . .        (shield currently unavailable)
rNeg    . . .        (helmet restricted)
rPois   +            h - amulet of guardian spirit
rElec   .            x - ring of willpower
rCorr   .            p - ring of poison resistance
SInv    .            G - ring of flight
Will    .....        (no ring)
Stlth   ++           (no ring)
HPRegen 0.33/turn    (no ring)
MPRegen 0.12/turn    (no ring)
                     (no ring)

%: guardian spirit
@: flux-form, spiked, flying, glowing, studying Shields
A: glow, contaminating, almost no armour, amphibious, 8 rings, camouflage 1,
gelatinous body 1, inability to drink after injury 2, weak-willed 1, (nimble
swimmer 1), tentacles
a: Begin Untransformation, Renounce Religion


You were on level 12 of the Dungeon.
You worshipped Ru.
Ru was pleased with you.
You were something dangerously unstable.
You visited 2 branches of the dungeon, and saw 13 of its levels.
You also visited: Ossuary.

You collected 663 gold pieces.
You spent 240 gold pieces at shops.

Inventory:

Missiles
 J - 21 poisoned darts
Armour
 w - an orb of energy
 K - a +0 kite shield
Jewellery
 e - an amulet of faith
 h - an amulet of guardian spirit (around mantle)
 n - an amulet of the acrobat
 p - a ring of poison resistance (right tentacle)
 x - a ring of willpower (left tentacle)
 G - a ring of flight (on tentacle)
Talismans
 b - a beast talisman
 c - a flux talisman (active)
 H - a maw talisman
Wands
 k - a wand of roots (4)
 t - a wand of polymorph (10)
 F - a wand of charming (4)
Scrolls
 f - 3 scrolls of enchant armour
 l - 3 scrolls of immolation
 s - 3 scrolls of amnesia
 u - 2 scrolls of fog
 v - 2 scrolls of noise
 y - a scroll of vulnerability
 C - 2 scrolls of fear
Potions
 a - 2 potions of lignification
 d - 2 potions of degeneration
 g - 7 potions of curing
 i - a potion of berserk rage
 j - 5 potions of brilliance
 m - a potion of enlightenment
 o - 2 potions of cancellation
 q - a potion of attraction
 z - a potion of magic {unknown}
 B - 3 potions of heal wounds {unknown}
 E - 2 potions of invisibility {unknown}
 I - a potion of mutation {unknown}
 L - 2 potions of resistance {unknown}


   Skills:
 * Level 8.3 Fighting
 - Level 8.0 Dodging
 - Level 4.9 Stealth
 - Level 8.1 Unarmed Combat
 - Level 10.0 Shapeshifting


You had 10 spell levels left.
You didn't know any spells.
Your spell library contained the following spells:

 Spells                   Type           Power      Damage    Failure   Level
 Blink                    Tloc           0%         N/A       45%         2
 Lesser Beckoning         Tloc           0%         N/A       45%         2
 Momentum Strike          Conj/Tloc      0%         3d8       45%         2
 Static Discharge         Conj/Air       0%         3-3/arc   45%         2
 Dazzling Flash           Conj/Hex       0%         N/A       69%         3
 Frozen Ramparts          Ice            0%         1d1       69%         3
 Volatile Blastmotes      Fire/Tloc      0%         2d10      69%         3
 Airstrike                Air            0%         2d(0-16)  97%         4
 Leda's Liquefaction      Alch/Erth      0%         N/A       97%         4
 Petrify                  Alch/Erth      0%         N/A       97%         4
 Summon Lightning Spire   Summ/Air       0%         N/A       97%         4
 Metabolic Englaciation   Hex/Ice        0%         N/A       100%        5
 Starburst                Conj/Fire      0%         6d3       100%        6
 Maxwell's Capacitive Co  Air            0%         ∞         100%        8


Dungeon Overview and Level Annotations

Branches:
Dungeon (12/15)            Temple (1/1) D:6            Lair (0/5) D:11
Ossuary (visited)
    Orc: D:9-12

Altars:
Ashenzari
Cheibriados
Dithmenos
Elyvilon
Fedhas
Gozag
Hepliaklqana
Kikubaaqudgha
Makhleb
Nemelex Xobeh
Okawaru
Qazlal
Ru
Sif Muna
Trog
Uskayaw
Vehumet
Wu Jian
Xom
Yredelemnul
Zin
The Shining One

Shops:
D:3 !   D:5 =((=   D:6 *   D:9 !

Annotations:
D:6 3 runed translucent doors, TheScarfBastard's ghost, novice MiBe; experimilk's ghost, novice TrGl


Innate Abilities, Weirdness & Mutations

You are something dangerously unstable.
You glow with magical radiation, making you easy to see and hit.
Foes you strike become dangerously contaminated with magical radiation.
You are incapable of wielding weapons or throwing items.
You cannot wear most types of armour.
You are amphibious.
You can wear up to eight rings at the same time.
Your skin changes colour to match your surroundings (Stealth+).
Your rubbery body absorbs attacks. (AC +1, EV +1)
You sometimes lose the ability to drink potions when taking damage.
You are slightly weak-willed. (Will-)
((You are camouflaged when in or above water. (Stealth+)))
You have tentacles for arms and can constrict up to eight enemies at once.


Message History

The manticore flicks its tail.
The volley of spikes skewers you!!
The barbed spikes become lodged in your body.
The barbed spikes dig painfully into your body as you move.
The manticore flicks its tail.
The volley of spikes skewers you!!
The barbed spikes become lodged in your body.
* * * LOW HITPOINT WARNING * * *
Aiming: Fastroot
Press: ? - help, Shift-Dir - straight line, f - manticore
Aim: a manticore The roots erupt in riotous growth!
Roots grab the manticore.
The grasping roots constrict the manticore.
The manticore struggles to escape constriction.
Aiming: Fastroot
Press: ? - help, Shift-Dir - straight line, f - you, p - manticore The roots erupt in riotous growth!
The grasping roots constrict the manticore.
The roots release their grip on the manticore.
Aiming: Charm
Press: ? - help, Shift-Dir - straight line, f - manticore
Aim: a manticore (lightly wounded, chance to affect: 31%)
The manticore easily resists.
The manticore completely misses you. x2
The manticore claws you.
* * * LOW HITPOINT WARNING * * *
Unknown command.
You feel better. The manticore barely misses you.
The manticore closely misses you. The manticore misses you.
You bludgeon the manticore!
The manticore begins to glow.
The manticore is moderately wounded.
The manticore bites you.
* * * LOW HITPOINT WARNING * * *
The manticore claws you!
* * * LOW HITPOINT WARNING * * *
The manticore completely misses you.
You feel better. The manticore bites you!!
* * * LOW HITPOINT WARNING * * *
The manticore claws you!
You die...

######### #........# #
#.######.# #. #.# #.#
#.####.#### #.#######
#........# #.......#
##...#.#.##.#####.#
#.....###......##.#
#.Hp..#....##.##.#
##.###.###.##.##.# #.
### #.......# #.
####.##### ##+##
#.......# ##...##
#.#.###.# ##.....##
#.#.# #.# ##...^...##
#...# #.#
#.........####...###.#


You could see a manticore (contam).

Vanquished Creatures
  A centaur warrior (D:9)
  A two-headed ogre (D:12)
  2 kobold demonologists (D:12)
  2 unseen horrors
  3 trolls
  A polar bear (shapeshifter) (D:9)
  A wyvern (D:7)
  7 yaks (D:9)
  4 steam dragons
  3 water moccasins
  3 orc warriors
  3 black bears
  An ogre (D:5)
  A wolf (D:4)
  3 centaurs
  4 kobold brigands
  Blork the orc (D:5)
  A bullfrog (D:8)
  2 gnoll sergeants
  3 scorpions
  13 wights
  2 howler monkeys
  3 bombardier beetles
  2 centaur zombies (Ossuary)
  2 orc priests
  A gnoll bouda (D:9)
  3 hounds
  Natasha (thrice) (D:2)
  10 orc wizards
  An iguana (D:7)
  3 ogre zombies (Ossuary)
  7 mummies (Ossuary)
  10 gnolls
  4 adders
  A shadow imp (D:8)
  5 white imps
  3 adder zombies (Ossuary)
  2 dart slugs
  3 ribbon worms
  30 orcs
  7 endoplasms
  A giant cockroach (D:1)
  A gnoll zombie (Ossuary)
  6 goblins
  11 hobgoblins
  5 quokkas
  8 ball pythons
  5 bats
  3 frilled lizards
  2 goblin zombies (Ossuary)
  2 hobgoblin zombies (Ossuary)
  26 kobolds
  3 quokka zombies (Ossuary)
  7 rats
  7 rat zombies (Ossuary)
249 creatures vanquished.

Vanquished Creatures (collateral kills)
  An orc (D:4)
1 creature vanquished.

Vanquished Creatures (others)
  A yak (D:10)
  A gnoll (D:10)
2 creatures vanquished.

Grand Total: 252 creatures vanquished

Notes
Turn   | Place    | Note
-------+----------+-------------------------------------------
     0 | D:1      | bmb222 the Octopode Shapeshifter began the quest for the
                  | Orb.
     0 | D:1      | Reached XP level 1. HP: 13/13 MP: 1/1
    25 | D:1      | Reached XP level 2. HP: 11/18 MP: 2/2
   312 | D:1      | Reached XP level 3. HP: 14/23 MP: 3/3
   842 | D:2      | Noticed a scorpion
   847 | D:2      | Killed a scorpion
   848 | D:2      | Reached XP level 4. HP: 18/29 MP: 2/4
   933 | D:2      | Noticed Natasha
   942 | D:2      | Killed Natasha
   943 | D:2      | Reached XP level 5. HP: 22/35 MP: 3/5
  1324 | D:2      | Noticed Natasha
  1328 | D:2      | Killed Natasha
  1344 | D:2      | Noticed Natasha
  1351 | D:2      | Killed Natasha
  1352 | D:2      | Reached skill level 1 in Stealth
  1808 | D:3      | Reached XP level 6. HP: 39/41 MP: 6/6
  1828 | D:3      | Found Qause's Distillery.
  1845 | D:3      | Found a faded altar of an unknown god.
  2543 | D:4      | Reached skill level 4 in Shapeshifting
  2786 | D:4      | You fall into a shaft and drop 3 floors!
  2844 | D:6      | Noticed TheScarfBastard's ghost (novice MiBe)
  2868 | D:6      | Found Vytheoja's Lightly-Used Armoury.
  2904 | D:6      | Found a sand-covered staircase.
  2910 | Ossuary  | Entered an ossuary
  3289 | Ossuary  | Reached XP level 7. HP: 43/46 MP: 5/7
  3873 | Ossuary  | Identified a scroll of acquirement
  3875 | Ossuary  | Acquired a manual of Shields
  3960 | D:5      | Entered Level 5 of the Dungeon
  3965 | D:5      | Found Tuokhluwk's Jewellery Shop.
  3972 | D:5      | Bought a ring of poison resistance for 240 gold pieces
  3997 | D:5      | Found Tocostropt's Weapon Boutique.
  4012 | D:5      | Found Bueshriu's Weapon Shoppe.
  4031 | D:5      | Found Viarphas's Jewellery Emporium.
  4160 | D:5      | Found a shimmering blue altar of Sif Muna.
  4188 | D:5      | Noticed Blork the orc
  4199 | D:5      | Killed Blork the orc
  4200 | D:5      | Reached skill level 5 in Unarmed Combat
  4200 | D:5      | Reached XP level 8. HP: 54/54 MP: 8/8
  4309 | D:5      | Found Laol's Weapon Boutique.
  5849 | D:6      | Reached skill level 5 in Shapeshifting
  6279 | D:6      | Reached skill level 5 in Fighting
  6511 | D:6      | Found a runed translucent gate.
  6511 | D:6      | Found a runed translucent gate.
  6511 | D:6      | Found a runed translucent gate.
  6515 | D:6      | Noticed experimilk's ghost (novice TrGl)
  6831 | D:6      | Reached XP level 9. HP: 60/61 MP: 9/9
  6946 | D:6      | Found a staircase to the Ecumenical Temple.
  7159 | Temple   | Entered the Ecumenical Temple
  7185 | Temple   | Became a worshipper of Ru the Awakened
  7490 | D:7      | Reached skill level 6 in Shapeshifting
  8920 | D:8      | Noticed a troll
  8925 | D:8      | Killed a troll
  8926 | D:8      | Reached skill level 7 in Shapeshifting
  8959 | D:8      | Found a shimmering altar of Xom.
  9173 | D:8      | Found a shadowy altar of Dithmenos.
  9347 | D:8      | Reached XP level 10. HP: 60/71 MP: 7/10
  9951 | D:8      | Gained mutation: You are slightly weak-willed. (Will-) [Ru
                  | sacrifice]
  9951 | D:8      | Reached * piety under Ru
 10135 | D:9      | Reached skill level 5 in Dodging
 10332 | D:9      | Reached skill level 8 in Shapeshifting
 10670 | D:9      | Found Mojesh's Distillery.
 10685 | D:9      | Noticed a sun moth
 10846 | D:9      | Noticed a centaur warrior
 11625 | D:9      | Found an iron altar of Okawaru.
 11828 | D:9      | Found a glowing silver altar of Zin.
 11957 | D:9      | Killed a centaur warrior
 12281 | D:9      | Reached skill level 9 in Shapeshifting
 12385 | D:9      | Noticed a cane toad
 12640 | D:10     | Entered Level 10 of the Dungeon
 12737 | D:10     | Noticed an unseen horror
 12743 | D:10     | Noticed a two-headed ogre
 12868 | D:10     | Found a hazy altar of Hepliaklqana.
 12871 | D:10     | Found an ancient bone altar of Kikubaaqudgha.
 12874 | D:10     | Found a bloodstained altar of Trog.
 12926 | D:10     | Reached XP level 11. HP: 74/75 MP: 11/11
 13841 | D:11     | Noticed a death yak
 13888 | D:11     | Gained mutation: You occasionally lose the ability to drink
                  | potions when taking damage. [Ru sacrifice]
 13888 | D:11     | Gained mutation: You sometimes lose the ability to drink
                  | potions when taking damage. [Ru sacrifice]
 13888 | D:11     | Reached ** piety under Ru
 13893 | D:11     | Found a staircase to the Lair.
 13893 | D:11     | Noticed a death yak
 13894 | D:11     | Noticed a death yak
 14506 | D:12     | Noticed a cyclops
 14882 | D:12     | Noticed a two-headed ogre
 14891 | D:12     | Killed a two-headed ogre
 15129 | D:12     | Reached skill level 10 in Shapeshifting
 15197 | D:12     | Noticed a manticore
 15206 | D:12     | HP: 2/78 [manticore (17)]
 15206 | D:12     | Mangled by a manticore

Illustrated notes

Levels and vault maps discovered:
D:1:      minmay_arrival_up_and_down, layout_rooms
D:2:      layout_basic, minmay_misc_feat_enclosed, uniq_natasha
D:3:      layout_loops_ring, basic_ecumenical_altar, serial_shops,
          nicolae_shop_tiny_real_fake_doors
D:4:      layout_basic
D:5:      layout_basic, lemuel_doored_altar, serial_shops, shop, shop,
          nicolae_shop_bloodbath_and_beyond, nicolae_shop_peninsula,
          nicolae_shop_hallway_plus, uniq_blork_the_orc
D:6:      layout_layer_cave, minmay_temple_entry_stoned_glass,
          gammafunk_ghost_cemetery, nicolae_ossuary_entry_plus,
          minmay_shop_damaged
D:7:      minmay_general_purpose_star, layout_basic, enter_bailey_2
D:8:      layout_basic, nicolae_dithmenos_the_darkroom,
          mainiacjoe_overflow_24_doors
D:9:      layout_stronghold, mainiacjoe_overflow_catch_the_wave, serial_shops,
          shop_statue
D:10:     layout_loops_ring, grunt_temple_overflow_diamond
D:11:     layout_long_grid, dpeg_lair_monsters
D:12:     layout_loops_corners, erik_orc_2, gauntlet_entry_generic
Temple:   minmay_temple_curvy_branch

Skill      XL: |  1  2  3  4  5  6  7  8  9 10 11 |
---------------+----------------------------------+-----
Fighting       | 2 3 4 5 7 8 |  8.3
Dodging        | 3 4 7 8 |  8.0
Stealth        | 1 2 4 |  4.9
Unarmed Combat | 4 5 6 7 8 |  8.1
Shapeshifting  | 4 5 7 9 10 | 10.0

Action                     |  1- 3 |  4- 6 |  7- 9 | 10-12 || total
---------------------------+-------+-------+-------+-------++-------
  Melee: Unarmed           |    64 |   128 |   209 |   223 ||   624
         Tentacles         |    15 |    33 |    59 |    54 ||   161
         Constrict         |    16 |    38 |    47 |    50 ||   151
         Punch             |       |    11 |    12 |       ||    23
 Invoke: Sacrifice Essence |       |       |       |     1 ||     1
         Sacrifice Drink   |       |       |       |     1 ||     1
  Evoke: Wand              |       |       |     1 |    13 ||    14
    Use: Scroll            |       |     5 |    17 |     8 ||    30
         Potion            |       |     2 |     3 |     4 ||     9
   Stab: Sleeping          |     8 |    10 |    11 |     1 ||    30
         Invisible         |       |       |       |     1 ||     1
 Armour: Skin              |    20 |    39 |   132 |   136 ||   327
  Dodge: Dodged            |    29 |    51 |   124 |   206 ||   410
   Form: Flux              |       |       |     1 |       ||     1

Table legend: (Time is in decaauts)
 A = Elapsed time spent in this place.
 B = Non-inter-level travel time spent in this place.
 C = Inter-level travel time spent in this place.
 D = Time resting spent in this place.
 E = Time spent auto-exploring this place.
 F = Levels seen in this place.
 G = Mean time per level.
                   A        B        C        D        E       F      G
               +--------+--------+--------+--------+--------+-----+--------+
         Total |  15145 |  14238 |    907 |   2893 |   8753 |  14 | 1081.8 |
       Dungeon |  14129 |  13273 |    856 |   2455 |   8476 |  12 | 1177.4 |
        Temple |     51 |      1 |     50 |      0 |      0 |   1 |   51.0 |
       Ossuary |    964 |    964 |      0 |    438 |    277 |   1 |  964.0 |
               +--------+--------+--------+--------+--------+-----+--------+

Top non-repeatable levels by time:
     D:9: 2173 daAuts
     D:6: 1825 daAuts
     D:8: 1703 daAuts
     D:7: 1342 daAuts
     D:4: 1293 daAuts
    D:10: 1111 daAuts
     D:3: 980 daAuts
 Ossuary: 964 daAuts
     D:2: 949 daAuts
     D:5: 817 daAuts
    D:12: 750 daAuts
     D:1: 598 daAuts
    D:11: 583 daAuts
  Temple: 51 daAuts
